 Dungeon Crawl Stone Soup version 0.30-a0-457-g4b7bca3bfa (webtiles) character file.

Game seed: 8025508431257454101

3451 pokeman the Thaumaturge (level 9, -4/52 HPs)
             Began as a Deep Elf Hedge Wizard on Dec 12, 2022.
             Was a Follower of Vehumet.
             Killed from afar by a gargoyle (17 damage)
             ... with a stone arrow
             ... on level 8 of the Dungeon.
             The game lasted 00:22:51 (8026 turns).

pokeman the Thaumaturge (Deep Elf Hedge Wizard)     Turns: 8026, Time: 00:22:51

Health: -4/52      AC: 10    Str:  7    XL:     9   Next: 78%
Magic:  32/36      EV: 12    Int: 24    God:    Vehumet [*.....]
Gold:   155        SH:  5    Dex:  9    Spells: 22/33 levels left

rFire   . . .      SeeInvis .    z - +1 mace (holy)
rCold   + . .      Faith    .    (no shield)
rNeg    + + .      Spirit   .    F - +0 steam dragon scales
rPois   +          Reflect  +    b - +1 helmet of the Pleiades {rPois rN++ Dex-5 Slay+3}
rElec   .          Harm     .    (no cloak)
rCorr   .          Rampage  .    t - +0 pair of gloves
Will    .....                    l - +0 pair of boots
Stlth   ++........               D - amulet of reflection
HPRegen 0.28/turn                n - ring of magical power
MPRegen 0.25/turn                C - ring of protection from cold

@: no status effects
A: no striking features
a: Renounce Religion


You were on level 8 of the Dungeon.
You worshipped Vehumet.
Vehumet was aware of your devotion.
You visited 2 branches of the dungeon, and saw 9 of its levels.
You also visited: Sewer.

You collected 342 gold pieces.
You spent 187 gold pieces at shops.

Inventory:

Hand Weapons
 s - a +0 trident of pain
 z - a +1 mace of holy wrath (weapon)
Armour
 a - +0 acid dragon scales
 b - the +1 helmet of the Pleiades (worn) {rPois rN++ Dex-5 Slay+3}
   (You took it off Robin on level 4 of the Dungeon)

   Dex:       It affects your dexterity (-5).
   Slay:      It affects your accuracy & damage with ranged weapons and melee
   (+3).
   rPois:     It protects you from poison.
   rN:        It greatly protects you from negative energy.
 l - a +0 pair of boots (worn)
 t - a +0 pair of gloves (worn)
 F - +0 steam dragon scales (worn)
 I - a +2 ring mail of cold resistance
Magical Staves
 G - a staff of fire
Jewellery
 f - a ring of fire
 n - a ring of magical power (left hand)
 y - a ring of flight
 C - a ring of protection from cold (right hand)
 D - an amulet of reflection (around neck)
Wands
 j - a wand of flame (26)
 u - a wand of roots (6)
Scrolls
 c - 9 scrolls of identify
 e - 10 scrolls of teleportation
 i - a scroll of enchant weapon {unknown}
 m - 5 scrolls of fear {unknown}
 o - a scroll of poison {unknown}
 q - 6 scrolls of noise {unknown}
 w - a scroll of summoning {unknown}
 x - 3 scrolls of fog {unknown}
 A - a scroll of amnesia {unknown}
 B - a scroll of brand weapon {unknown}
 H - a scroll of magic mapping {unknown}
Potions
 d - a potion of magic
 g - 3 potions of flight
 h - 4 potions of curing {unknown}
 k - 6 potions of attraction {unknown}
 p - 4 potions of brilliance {unknown}
 r - 5 potions of heal wounds
 v - 2 potions of berserk rage {unknown}
 E - 2 potions of mutation {unknown}


   Skills:
 + Level 4.1 Fighting
 - Level 3.0 Armour
 - Level 3.0 Dodging
 - Level 3.0 Stealth
 * Level 12.7 Spellcasting
 + Level 7.2 Conjurations
 - Level 3.0 Summonings
 - Level 1.0 Necromancy
 - Level 1.1 Translocations
 + Level 1.2 Fire Magic
 - Level 1.1 Ice Magic
 - Level 1.1 Air Magic
 - Level 1.2 Poison Magic
 - Level 1.0 Evocations


You had 22 spell levels left.
You knew the following spells:

 Your Spells              Type           Power      Damage    Failure   Level
a - Magic Dart            Conj           100%       1d8       1%          1
b - Mephitic Cloud        Conj/Pois/Air  30%        N/A       3%          3
c - Call Imp              Summ           29%        N/A       1%          2
d - Blink                 Tloc           40%        N/A       3%          2
e - Hailstorm             Conj/Ice       35%        3d9       2%          3

Your spell library contained the following spells:

 Spells                   Type           Power      Damage    Failure   Level
 Freeze                   Ice            80%        1d9       2%          1
 Momentum Strike          Conj/Tloc      70%        3d9       1%          2
 Cigotuvi's Dreadful Rot  Necr/Pois/Air  40%        N/A       3%          2
 Slow                     Hex            60%        N/A       4%          1
 Sticky Flame             Conj/Fire      35%        2d5       7%          4
 Vampiric Draining        Necr           20%        2d7       8%          3
 Inner Flame              Hex/Fire       18%        N/A       10%         3
 Confusing Touch          Hex            15%        N/A       12%         3
 Animate Dead             Necr           20%        N/A       26%         4
 Ice Form                 Ice/Tmut       18%        N/A       30%         4
 Cause Fear               Hex            7%         N/A       36%         4
 Conjure Ball Lightning   Conj/Air       17%        3x3d6     73%         6
 Simulacrum               Ice/Necr       10%        N/A       98%         6
 Haunt                    Necr/Summ      12%        N/A       100%        7
 Discord                  Hex            7%         N/A       100%        8
 Infestation              Necr           10%        N/A       100%        8
 Maxwell's Capacitive Co  Air            10%        ∞         100%        8


Dungeon Overview and Level Annotations

Branches:
Dungeon (8/15)             Temple (1/1) D:5           Sewer (visited)
   Lair: D:8-11

Altars:
Ashenzari
Dithmenos
Elyvilon
Fedhas
Hepliaklqana
Kikubaaqudgha
Nemelex Xobeh
Okawaru
Qazlal
Sif Muna
Trog
Uskayaw
Vehumet
Wu Jian
Xom
Yredelemnul
The Shining One

Shops:
D:1 ([(=   D:4 :   D:5 :   D:7 ?


Message History

Aiming: Magic Dart (safe; 1% risk of failure)
Press: ? - help, Shift-Dir - straight line, f/p - jelly
Aim: a jelly (severely wounded, 100% to hit)
The magic dart hits the jelly!
You kill the jelly!
Vehumet accepts your kill.
Casting: Magic Dart (safe; 1% risk of failure)
Confirm with . or Enter, or press ? or * to list all spells.
You can't see any susceptible monsters within range! (Use Z to cast anyway.) Unknown command.
A gargoyle comes into view. It is wielding a +0 mace.
The gargoyle moves out of view.
Casting: Magic Dart (safe; 1% risk of failure)
Confirm with . or Enter, or press ? or * to list all spells.
A beastly little devil appears in a puff of flame.
The gargoyle hurls a stone arrow at you.
The stone arrow hits you!!
Ouch! That really hurt!
You swap places.
Your crimson imp hits the gargoyle.
The gargoyle hits your crimson imp with a +0 mace!!
Your crimson imp dies!
Your crimson imp disappears in a puff of smoke!
Casting: Call Imp (safe; 1% risk of failure)
Confirm with . or Enter, or press ? or * to list all spells.
Casting: Hailstorm (dangerous; 2% risk of failure)
Press: ? - help, Dir - look around, f - activate A cannonade of hail descends around you!
The hail pelts the gargoyle but does no damage.
The gargoyle is lightly damaged.
The gargoyle hurls a stone arrow at you.
The stone arrow hits you!
* * * LOW HITPOINT WARNING * * *
Unknown command.
Unknown command.
Unknown command.
Unknown command.
Unknown command.
The gargoyle hurls a stone arrow at you.
The stone arrow hits you!
You die...

####..####'####...####...####..
#..(.........................
#............................
#............................
##...###+####...##.......####
#######..####+###.......#
#...............[....#
+..........##.......##
#......@...##.......#
#..9.......+........#
##.#..#....##.......#
#.##########...<....# ...
.........# ....# #.......#
.....# ......# .......#


You could see a gargoyle.

Vanquished Creatures
  Prince Ribbit (D:7)
  Grinder (D:5)
  A steam dragon (D:8)
  2 ice beasts (D:7)
  3 orc warriors
  A black bear (D:5)
  A phantom (D:7)
  An ogre (D:7)
  A gnoll sergeant (D:8)
  3 bullfrogs
  4 scorpions
  3 necrophages
  6 wights (D:7)
  2 howler monkeys
  An orc priest (D:5)
  4 jellies
  An iguana (D:5)
  3 orc wizards
  Robin (D:4)
  4 gnolls (D:8)
  10 adders
  3 river rats
  A white imp (D:6)
  An ufetubus (D:6)
  A worm (D:4)
  3 dart slugs
  24 orcs
  8 ball pythons
  9 bats
  8 endoplasms
  5 giant cockroaches
  13 goblins
  14 hobgoblins
  7 kobolds
  7 quokkas
  3 rats
161 creatures vanquished.

Vanquished Creatures (collateral kills)
  Maggie (D:7)
  A black bear (D:5)
  2 kobold brigands (Sewer)
  A scorpion (D:7)
  A goblin (D:4)
6 creatures vanquished.

Grand Total: 167 creatures vanquished

Notes
Turn   | Place    | Note
-------+----------+-------------------------------------------
     0 | D:1      | pokeman the Deep Elf Hedge Wizard began the quest for the
                  | Orb.
     0 | D:1      | Reached XP level 1. HP: 10/10 MP: 7/7
   228 | D:1      | Reached XP level 2. HP: 15/15 MP: 6/9
   256 | D:1      | Found Heosir's Jewellery Boutique.
   256 | D:1      | Found Tycw's Antique Weapon Emporium.
   620 | D:1      | Reached skill level 5 in Spellcasting
   897 | D:1      | Found Oshrer's Antique Armour Shop.
  1073 | D:1      | Reached XP level 3. HP: 20/20 MP: 7/11
  1077 | D:1      | Learned a level 3 spell: Mephitic Cloud
  1080 | D:1      | Learned a level 2 spell: Call Imp
  1083 | D:1      | Learned a level 2 spell: Blink
  1214 | D:1      | Found Osunn's Assorted Antiques.
  1296 | D:1      | Found Horaliec's Antique Weapon Emporium.
  1485 | D:2      | Reached skill level 1 in Fighting
  1485 | D:2      | Reached skill level 1 in Armour
  1662 | D:2      | Reached XP level 4. HP: 25/25 MP: 7/13
  2138 | D:2      | Got Qiklimot's Precepts of Voltaic Battle Magic
  2141 | D:2      | Found a blossoming altar of Fedhas.
  2653 | D:3      | Reached skill level 6 in Spellcasting
  3043 | D:3      | Reached XP level 5. HP: 29/29 MP: 15/15
  3439 | D:4      | Found a white marble altar of Elyvilon.
  3510 | D:4      | Found a shimmering blue altar of Sif Muna.
  3512 | D:4      | Found a shimmering altar of Xom.
  3513 | D:4      | Found a hide-covered altar of Uskayaw.
  3514 | D:4      | Identified the +1 helmet of the Pleiades {rPois rN++ Dex-5
                  | Slay+3}
  3514 | D:4      | Noticed Robin
  3538 | D:4      | Reached skill level 1 in Air Magic
  3572 | D:4      | Found a glowing drain.
  3669 | Sewer    | Entered a sewer
  3680 | Sewer    | Reached skill level 1 in Evocations
  3847 | Sewer    | Reached XP level 6. HP: 28/34 MP: 17/17
  3850 | Sewer    | Reached skill level 7 in Spellcasting
  3850 | Sewer    | Reached skill level 1 in Poison Magic
  3901 | Sewer    | Found a glowing silver altar of Zin.
  4219 | D:4      | Killed Robin
  4472 | D:4      | Found Qyelac's Book Boutique.
  4819 | D:5      | Entered Level 5 of the Dungeon
  4834 | D:5      | Reached XP level 7. HP: 40/40 MP: 16/20
  4920 | D:5      | Found Mauh's Book Shoppe.
  5049 | D:5      | Noticed Grinder
  5075 | D:5      | Reached skill level 8 in Spellcasting
  5084 | D:5      | Killed Grinder
  5085 | D:5      | Reached skill level 9 in Spellcasting
  5137 | D:5      | Reached XP level 8. HP: 44/44 MP: 18/23
  5369 | D:5      | Found an ancient bone altar of Kikubaaqudgha.
  5477 | D:5      | Found a staircase to the Ecumenical Temple.
  5525 | Temple   | Entered the Ecumenical Temple
  5542 | Temple   | Became a worshipper of Vehumet
  5580 | D:6      | Reached skill level 5 in Conjurations
  6221 | D:7      | Noticed Prince Ribbit
  6254 | D:7      | Reached skill level 10 in Spellcasting
  6409 | D:7      | Killed Prince Ribbit
  6546 | D:7      | Reached skill level 11 in Spellcasting
  6561 | D:7      | Reached XP level 9. HP: 46/50 MP: 19/26
  6761 | D:7      | Learned a level 3 spell: Hailstorm
  6762 | D:7      | Found Poelugh's Magic Scroll Boutique.
  6771 | D:7      | Bought a scroll of identify for 22 gold pieces
  6771 | D:7      | Bought a scroll of teleportation for 33 gold pieces
  6771 | D:7      | Bought a scroll of identify for 22 gold pieces
  6771 | D:7      | Bought a scroll of identify for 22 gold pieces
  6771 | D:7      | Bought a scroll of identify for 22 gold pieces
  6771 | D:7      | Bought a scroll of identify for 22 gold pieces
  6771 | D:7      | Bought a scroll of identify for 22 gold pieces
  6771 | D:7      | Bought a scroll of identify for 22 gold pieces
  6774 | D:7      | Noticed Maggie
  6834 | D:7      | Killed Maggie
  6835 | D:7      | Reached skill level 1 in Ice Magic
  7197 | D:7      | Reached skill level 12 in Spellcasting
  7542 | D:7      | Reached * piety under Vehumet
  7542 | D:7      | Offered knowledge of Freeze by Vehumet.
  7580 | D:7      | Found a shadowy altar of Dithmenos.
  7580 | D:7      | Found a sparkling altar of Nemelex Xobeh.
  7837 | D:8      | Reached skill level 1 in Necromancy
  7837 | D:8      | Reached skill level 1 in Fire Magic
  8018 | D:8      | Noticed a gargoyle
  8026 | D:8      | Killed from afar by a gargoyle

Illustrated notes

Levels and vault maps discovered:
D:1:      lightli_arrival_lavapool, layout_basic, serial_shops,
          nicolae_shop_stone, nicolae_shop_crystal, shop_fountains, shop, shop
D:2:      layout_basic, basic_altar, minmay_tetromino_o2
D:3:      minmay_recursive_quarters, layout_rooms
D:4:      minmay_door_path, layout_loops_ring, grunt_temple_overflow_open,
          elyvilon_altar_3, serial_shops, kennysheep_little_box,
          cheibrodos_sewer_entry_sluice, amcnicky_mini_corridor_feature,
          uniq_robin
D:5:      layout_basic, mainiacjoe_overflow_cross_hatched,
          minmay_temple_entry_enclosed_plants, serial_shops,
          nicolae_lakefront_shop, minmay_stone_trees_small, uniq_grinder
D:6:      layout_rooms
D:7:      layout_gridville, gammafunk_temple_overflow_elements, serial_shops,
          shop_scrolls, uniq_prince_ribbit1, uniq_maggie
D:8:      layout_gridville
Temple:   eino_temple_lava

Skill      XL: |  1  2  3  4  5  6  7  8  9 |
---------------+----------------------------+-----
Spellcasting   | 5 6 7 9 11 12 | 12.7
Fighting       | 1 2 3 4 |  4.1
Armour         | 1 2 3 |  3.0
Conjurations   | 2 3 4 6 7 |  7.2
Dodging        | 3 |  3.0
Stealth        | 3 |  3.0
Air Magic      | 1 |  1.1
Evocations     | 1 |  1.0
Poison Magic   | 1 |  1.2
Ice Magic      | 1 |  1.1
Summonings     | 3 |  3.0
Necromancy     | 1 |  1.0
Fire Magic     | 1 |  1.2
Translocations | |  1.1

Action                   |  1- 3 |  4- 6 |  7- 9 || total
-------------------------+-------+-------+-------++-------
Melee: Dagger            |     5 |    23 |    14 ||    42
       Punch             |     1 |     1 |     1 ||     3
       Mace              |       |       |    75 ||    75
 Cast: Magic Dart        |    93 |   188 |   177 ||   458
       Mephitic Cloud    |       |     5 |    23 ||    28
       Call Imp          |       |     2 |    11 ||    13
       Blink             |       |       |     5 ||     5
       Hailstorm         |       |       |    17 ||    17
Evoke: Wand              |       |       |    20 ||    20
 Stab: Confused          |       |     1 |     7 ||     8
       Paralysed         |       |       |    10 ||    10
Armor: Robe              |     4 |     8 |       ||    12
       Leather armour    |       |     3 |    33 ||    36
       Steam dragon scal |       |       |     4 ||     4
Dodge: Dodged            |    11 |    27 |    60 ||    98
Block: Other             |       |       |    20 ||    20
       Reflection        |       |       |     1 ||     1

Table legend: (Time is in decaauts)
 A = Elapsed time spent in this place.
 B = Non-inter-level travel time spent in this place.
 C = Inter-level travel time spent in this place.
 D = Time resting spent in this place.
 E = Time spent auto-exploring this place.
 F = Levels seen in this place.
 G = Mean time per level.
                   A        B        C        D        E       F      G
               +--------+--------+--------+--------+--------+-----+--------+
         Total |   8083 |   7850 |    233 |    528 |   5772 |  10 |  808.3 |
       Dungeon |   7757 |   7532 |    225 |    491 |   5566 |   8 |  969.6 |
        Temple |     26 |     18 |      8 |      0 |     12 |   1 |   26.0 |
         Sewer |    299 |    299 |      0 |     37 |    193 |   1 |  299.0 |
               +--------+--------+--------+--------+--------+-----+--------+

Top non-repeatable levels by time:
     D:7: 1522 daAuts
     D:1: 1327 daAuts
     D:4: 1160 daAuts
     D:2: 1076 daAuts
     D:3: 984 daAuts
     D:5: 723 daAuts
     D:6: 613 daAuts
     D:8: 349 daAuts
   Sewer: 299 daAuts
  Temple: 26 daAuts
